 Dungeon Crawl Stone Soup version 0.29.1-12-g30fa7ad0bf (webtiles) character file.

Game seed: 17374239290673467605

194 cbfl8 the Poker (level 5, -2/36 HPs)
             Began as a Merfolk Gladiator on Jan 8, 2023.
             Slain by a kobold
             ... wielding a +0 whip
              (3 damage)
             ... on level 4 of the Dungeon.
             The game lasted 00:04:30 (4204 turns).

cbfl8 the Poker (Merfolk Gladiator)                 Turns: 4204, Time: 00:04:31

Health: -2/36      AC:  7    Str: 16    XL:     5   Next: 73%
Magic:  5/5        EV: 12    Int:  7    God:
Gold:   146        SH:  0    Dex: 22    Spells: 4/4 levels left

rFire   + . .      SeeInvis .   a - +0 trident
rCold   . . .      Faith    .   (no shield)
rNeg    . . .      Spirit   .   t - +0 scale mail {rF+}
rPois   +          Reflect  .   c - +0 helmet
rElec   .          Harm     .   (no cloak)
rCorr   .          Rampage  .   (no gloves)
Will    .....                   (no boots)
Stlth   +.........              (no amulet)
HPRegen 0.12/turn               g - +6 ring of dexterity
MPRegen 0.09/turn               r - ring of poison resistance

@: no status effects
A: (nimble swimmer 2), mertail, frail 1, sense surroundings 1, wild magic 1,
inability to read after injury 1
a: no special abilities


You were on level 4 of the Dungeon.
You visited 1 branch of the dungeon, and saw 5 of its levels.

You collected 146 gold pieces.

Inventory:

Hand Weapons
 a - a +0 trident (weapon)
Missiles
 d - 4 throwing nets (quivered)
 e - a javelin
Armour
 c - a +0 helmet (worn)
 t - a +0 scale mail of fire resistance (worn)
Jewellery
 g - a +6 ring of dexterity (left hand)
 r - a ring of poison resistance (right hand)
Scrolls
 h - a scroll of identify
 j - a scroll of noise
 k - 2 scrolls of enchant armour
 m - a scroll of summoning
Potions
 b - a potion of heal wounds {unknown}
 f - 2 potions of brilliance {unknown}
 i - a potion of magic
 o - a potion of resistance {unknown}
 q - a potion of curing


   Skills:
 + Level 3.1 Fighting
 + Level 6.0 Polearms
 + Level 2.1 Throwing
 + Level 1.6 Armour
 + Level 4.9 Dodging
 + Level 1.0 Stealth


You had 4 spell levels left.
You didn't know any spells.
Your spell library contained the following spells:

 Spells                   Type           Power      Damage    Failure   Level
 Gell's Gravitas          Tloc           0%         N/A       99%         3
 Teleport Other           Tloc           0%         N/A       99%         3
 Dispersal                Tloc           0%         N/A       100%        6


Dungeon Overview and Level Annotations

Branches:
Dungeon (5/15)             Temple (0/1) D:4

Altars:
Okawaru
Yredelemnul


Innate Abilities, Weirdness & Mutations

((You are very nimble when in or above water. (Stealth+, EV+, Speed+++)))
Your lower body shifts to a powerful aquatic tail in water.
You are frail. (-10% HP)
You passively map a small area around you.
Your spells are a little harder to cast, but a little more powerful.
You occasionally lose the ability to read scrolls when taking damage.


Message History

The bullfrog is severely wounded.
You can read scrolls again.
The bullfrog closely misses you. The kobold barely misses you.
You hit the bullfrog.
The bullfrog is severely wounded.
The bullfrog hits you but does no damage.
The kobold hits you but does no damage. The bullfrog barely misses you.
You closely miss the bullfrog.
The bullfrog is severely wounded.
The bullfrog hits you but does no damage.
The kobold barely misses you.
You hit the bullfrog.
The bullfrog is almost dead.
The bullfrog hits you.
* * * LOW HITPOINT WARNING * * *
The kobold hits you but does no damage. The bullfrog hits you.
You feel threatened and lose the ability to read scrolls!
* * * LOW HITPOINT WARNING * * *
You puncture the bullfrog!
You kill the bullfrog!
The kobold closely misses you.
Your Fighting skill increases to level 3!
Your Polearms skill increases to level 6!
You hit the kobold.
You kill the kobold!
You can read scrolls again.
The kobold hits you with a +0 dagger.
* * * LOW HITPOINT WARNING * * *
You puncture the dart slug!
The dart slug is severely wounded.
The kobold misses you.
The dart slug bites you but does no damage.
You hit the dart slug.
You kill the dart slug!
The kobold closely misses you.
You puncture the kobold!
You kill the kobold!
You closely miss the kobold. The kobold closely misses you.
You miss the kobold. The kobold hits you with a +0 whip.
You die...

.......+
#K#...............'.
.......# ,
#.##...####....#.##.
......##
#.###)###.##
#.#..#.### .<...##
#.....K...# #.##.#.#
# #...## #.##..###.#
#......# ##'## *
##.* #K# ####.###
#.# # #. #.# #.# #.#
#.###.###.# #.#
##.## ###.....K@).#
#.##### #.^.##
#.......#####
#...... .....#
#.###### #######
#...## #.# #
##.#####.# #
.........# #
##.####### #.# #.#


You could see a kobold.

Vanquished Creatures
  A bullfrog (D:4)
  Terence (D:2)
  3 adders
  6 dart slugs
  3 orcs
  6 bats
  3 endoplasms
  2 giant cockroaches
  9 goblins
  A hobgoblin (D:3)
  4 jackals
  6 kobolds
  3 quokkas
  5 ball pythons
  7 frilled lizards
  6 rats
66 creatures vanquished.

Notes
Turn   | Place    | Note
-------+----------+-------------------------------------------
     0 | D:1      | cbfl8 the Merfolk Gladiator began the quest for the Orb.
     0 | D:1      | Reached XP level 1. HP: 16/16 MP: 1/1
   100 | D:2      | Reached XP level 2. HP: 4/22 MP: 2/2
   820 | D:1      | Reached XP level 3. HP: 26/28 MP: 3/3
  1117 | D:2      | Found a faded altar of an unknown god.
  1340 | D:2      | Noticed Terence
  1354 | D:2      | Gained mutation: You passively map a small area around you.
                  | [potion of mutation]
  1354 | D:2      | Gained mutation: You occasionally lose the ability to read
                  | scrolls when taking damage. [potion of mutation]
  1354 | D:2      | Gained mutation: You are frail. (-10% HP) [potion of
                  | mutation]
  1354 | D:2      | Gained mutation: Your spells are a little harder to cast,
                  | but a little more powerful. [potion of mutation]
  1359 | D:2      | Killed Terence
  1360 | D:2      | Reached skill level 5 in Polearms
  1360 | D:2      | Reached XP level 4. HP: 18/30 MP: 4/4
  2313 | D:3      | Found an iron altar of Okawaru.
  2453 | D:3      | Identified the +1 robe of Sijoahis {Dex+3}
  2506 | D:3      | Reached skill level 1 in Armour
  3106 | D:3      | Found a basalt altar of Yredelemnul.
  3890 | D:4      | You fall into a shaft and drop 1 floor!
  3890 | D:5      | Entered Level 5 of the Dungeon
  3994 | D:4      | Found a staircase to the Ecumenical Temple.
  4003 | D:4      | Reached skill level 1 in Stealth
  4003 | D:4      | Reached XP level 5. HP: 36/36 MP: 5/5
  4197 | D:4      | HP: 1/36 [bullfrog (6)]
  4199 | D:4      | Reached skill level 6 in Polearms
  4204 | D:4      | Slain by a kobold

Illustrated notes

Levels and vault maps discovered:
D:1:      minmay_arrival_pointy, layout_basic, minmay_box_of_dots
D:2:      layout_basic, ebering_ecumenical_altar_petrified, uniq_terence
D:3:      layout_loops_corners, marbit_many_paths, okawaru_metal_pillars_1_2,
          minmay_vboxes
D:4:      layout_loops_corners, minmay_temple_entry_hall,
          minmay_manual_monstrance, uniq_natasha, uniq_duvessa
D:5:      layout_basic, nicolae_uskayaw_suspiria, jmf_multi_god_temple,
          mainiacjoe_overflow_small_starburst, serial_shops,
          nicolae_shop_waterfront

Skill      XL: |  1  2  3  4  5 |
---------------+----------------+-----
Polearms       | 5 6 |  6.0
Armour         | 1 |  1.6
Stealth        | 1 |  1.0
Fighting       | 3 |  3.1
Throwing       | |  2.1
Dodging        | |  4.9

Action                   |  1- 3 |  4- 6 || total
-------------------------+-------+-------++-------
Melee: Trident           |   101 |   112 ||   213
       Punch             |     2 |     1 ||     3
  Use: Scroll            |     3 |     3 ||     6
       Potion            |     7 |       ||     7
 Stab: Sleeping          |     3 |       ||     3
       Invisible         |       |     1 ||     1
Armor: Leather armour    |    42 |       ||    42
       Scale mail        |       |    59 ||    59
Dodge: Dodged            |   101 |    76 ||   177
